Map: Traitor's Exile

Players

cazador - Winner!

  • Race: Terran Terran
  • League: Platinum
  • Spawn Location: 6:00

TERMINATOR - Winner!

  • Race: Protoss Protoss
  • Spawn Location: 5:00

Mesrob

  • Race: Terran Terran
  • League: Platinum
  • Spawn Location: 12:00

Subwaymaker

  • Race: Protoss Protoss
  • League: Gold
  • Spawn Location: 9:00

VOD

Have the link to the VOD?

Description

Time

  • Played on: Aug. 2, 2019, 10:01 p.m.
  • Length: 5:00
Show
View Real Time Build Order
Export as new Build Order

cazador Terran - Winner!

Build Orders:  

Get SALT Encoding   

  12  0:03  SCV  
  13  0:15  SCV  
  14  0:27  SCV  
  15  0:30  Supply Depot  
  15  0:37  Refinery  
  15  0:51  SCV  
  16  1:03  SCV  
  17  1:07  Barracks  
  17  1:12  Barracks  
  17  1:15  SCV  
  18  1:25  Barracks  
  18  1:27  SCV  
  19  1:39  SCV  
  20  1:42  Barracks  
  20  1:52  SCV  
  21  2:00  Supply Depot  
  21  2:01  Marine  
  21  2:02  Marine  
  23  2:21  Marine x2, Orbital Command  
  25  2:28  Marine, Supply Depot  
  26  2:32  Barracks Tech Lab  
  26  2:39  Marine  
  27  2:48  Marine x2  
  27  2:49  Supply Depot  
  29  2:55  Combat Shield  
  29  2:59  Marine  
  29  3:04  Marine  
  31  3:08  Marine  
  31  3:09  Marine  
  33  3:15  Supply Depot  
  33  3:20  Marine  
  33  3:22  Marine  
  35  3:33  Marine  
  35  3:34  Marine  
  37  3:38  Marine  
  37  3:41  Marine  
  39  3:51  Marine  
  39  3:54  Marine  
  41  3:56  Marine  
  41  4:03  Marine  
  41  4:09  Marine  
  37  4:17  Marine x2  
  37  4:21  Marine  
  40  4:27  Marine  
  41  4:35  Marine x2  
  43  4:39  Marine  
  43  4:41  SCV  
Show
View Real Time Build Order
Export as new Build Order

TERMINATOR Protoss - Winner!

Build Orders:  

Get SALT Encoding   

  1  0:00  Probe  
  13  0:07  Probe  
  14  0:21  Pylon  
  14  0:28  Assimilator  
  14  0:29  Probe  
  15  0:44  Probe, Gateway  
  16  0:55  Probe  
  17  0:58  Pylon  
  17  1:03  Probe  
  18  1:11  Probe  
  18  1:15  Assimilator  
  19  1:26  Gateway  
  19  1:40  Cybernetics Core  
  19  1:49  Probe  
  19  1:50  Forge  
  20  2:01  Probe  
  21  2:12  Gateway  
  21  2:13  Probe  
  22  2:18  Pylon  
  22  2:24  Stalker  
  22  2:25  Adept  
  24  2:37  Protoss Ground Weapons Level 1  
  26  2:53  Pylon  
  26  2:54  Stalker, Sentry  
  30  2:59  Adept  
  32  3:21  Sentry  
  32  3:24  Stalker, Adept  
  38  3:42  Robotics Facility  
  38  3:48  Stalker  
  40  3:53  Adept  
  42  3:57  Stalker  
  44  4:10  Photon Cannon  
  44  4:16  Pylon  
  44  4:23  Adept  
  46  4:35  Photon Cannon  
Show
View Real Time Build Order
Export as new Build Order

Mesrob Terran 

Build Orders: 2 Factory, Reaper Expand 

Get SALT Encoding   

  12  0:00  SCV  
  13  0:12  SCV  
  14  0:18  Supply Depot  
  14  0:24  SCV  
  15  0:40  SCV  
  16  0:46  Barracks  
  16  0:51  Refinery  
  16  0:54  SCV  
  17  1:06  SCV  
  18  1:18  SCV  
  19  1:33  Orbital Command  
  19  1:41  Command Center  
  19  1:42  Reaper  
  20  1:56  Refinery  
  20  1:59  SCV  
  21  2:12  Supply Depot, SCV  
  22  2:20  Factory  
  22  2:25  Barracks Tech Lab  
  22  2:28  SCV  
  23  2:40  Engineering Bay, SCV  
  24  2:52  SCV  
  24  2:55  Refinery  
  24  2:58  Factory  
  25  3:09  Barracks Reactor  
  25  3:13  Supply Depot  
  25  3:18  SCV  
  26  3:30  SCV  
  27  3:34  Orbital Command  
  27  3:35  Armory  
  27  3:37  Cyclone  
  30  3:47  Factory  
  28  4:06  Hellion x2  
Show
View Real Time Build Order
Export as new Build Order

Subwaymaker Protoss 

Build Orders: Oracle Opening 

Get SALT Encoding   

  12  0:09  Probe  
  13  0:17  Probe  
  13  0:25  Pylon  
  13  0:27  Probe  
  14  0:33  Assimilator  
  15  0:43  Probe  
  15  0:49  Gateway  
  16  0:56  Probe  
  17  1:07  Probe  
  18  1:13  Assimilator  
  18  1:15  Probe  
  18  1:16  Pylon  
  18  1:23  Probe  
  20  1:40  Probe  
  20  1:41  Cybernetics Core  
  21  1:52  Probe  
  22  1:58  Zealot  
  24  2:04  Probe  
  25  2:10  Pylon  
  25  2:18  Probe  
  26  2:32  Stargate  
  26  2:39  Warp Gate  
  26  2:41  Zealot  
  28  2:55  Nexus  
  28  2:58  Pylon  
  28  3:00  Assimilator  
  28  3:02  Probe  
  28  3:04  Assimilator  
  29  3:09  Oracle  
  29  3:13  Probe  
  33  3:22  Probe  
  34  3:30  Probe, Zealot  
  37  3:44  Oracle  
  40  4:28  Sentry  
Tags
 
Add a new tag
Caveats
  • Supply blocks, unpowered buildings, or Contaminate may cause inaccurate times.
  • Supply counts are checked every 10 seconds.